 Dungeon Crawl Stone Soup version 0.29-a0-541-gaf1fc19f1b (webtiles) character file.

Game seed: 10350329922723549748

3763 happo123 the Covert (level 10, -2/59 HPs)
             Began as a Kobold Enchanter on June 3, 2022.
             Slain by a yak (9 damage)
             ... on level 8 of the Dungeon.
             The game lasted 00:39:44 (10972 turns).

happo123 the Covert (Kobold Enchanter)             Turns: 10972, Time: 00:39:44

Health: -2/59      AC:  7    Str: 11    XL:     10   Next: 38%
Magic:  1/18       EV: 18    Int: 21    God:
Gold:   488        SH:  0    Dex: 16    Spells: 9/20 levels left

rFire   . . .      SeeInvis .   o - +1 dagger (vamp)
rCold   . . .      Faith    .   (no shield)
rNeg    . . .      Spirit   .   b - +0 robe
rPois   .          Reflect  .   (no helmet)
rElec   .          Harm     .   (no cloak)
rCorr   .          Rampage  .   s - +0 pair of gloves
Will    .....                   (no boots)
Stlth   +++++.....              I - amulet of regeneration
HPRegen 0.99/turn               f - +4 ring of protection
MPRegen 0.16/turn               n - +6 ring of strength

@: no status effects
A: small, no large weapons, nightstalker 3
a: no special abilities


You were on level 8 of the Dungeon.
You visited 2 branches of the dungeon, and saw 9 of its levels.
You also visited: Ossuary.

You collected 488 gold pieces.

Inventory:

Hand Weapons
 a - a +1 dagger
 o - a +1 vampiric dagger (weapon)
Missiles
 H - 3 throwing nets
Armour
 b - a +0 robe (worn)
 s - a +0 pair of gloves (worn)
Magical Staves
 E - a staff of poison
Jewellery
 f - a +4 ring of protection (left hand)
 n - a +6 ring of strength (right hand)
 y - a ring of poison resistance
 I - an amulet of regeneration (around neck)
Wands
 x - a wand of paralysis (11)
 G - a wand of polymorph (12)
Scrolls
 d - a scroll of silence {unknown}
 g - 6 scrolls of identify {unknown}
 h - 4 scrolls of enchant armour {unknown}
 j - 3 scrolls of blinking {unknown}
 k - 5 scrolls of enchant weapon {unknown}
 l - 5 scrolls of immolation {unknown}
 m - 2 scrolls of vulnerability {unknown}
 q - 6 scrolls of teleportation {unknown}
 r - a scroll of noise {unknown}
 t - 4 scrolls of poison {unknown}
 B - a scroll of torment {unknown}
 C - 2 scrolls of summoning {unknown}
 J - a scroll of amnesia {unknown}
Potions
 c - a potion of invisibility
 e - 6 potions of curing {unknown}
 i - 2 potions of attraction {unknown}
 p - a potion of degeneration {unknown}
 u - 3 potions of ambrosia {unknown}
 v - a potion of resistance {unknown}
 w - 2 potions of might {unknown}
 z - 2 potions of heal wounds {unknown}
 A - 2 potions of cancellation {unknown}
 D - a potion of mutation {unknown}
 F - a potion of brilliance {unknown}


   Skills:
 + Level 5.4 Fighting
 + Level 7.1 Short Blades
 + Level 6.7 Dodging
 + Level 8.5 Stealth
 + Level 5.5 Spellcasting
 * Level 8.1 Hexes
 + Level 3.0 Translocations


You had 9 spell levels left.
You knew the following spells:

 Your Spells              Type           Power      Damage    Failure   Level
a - Ensorcelled Hibernat  Hex/Ice        44%        N/A       3%          2
b - Confusing Touch       Hex            40%        N/A       1%          3
c - Tukima's Dance        Hex            40%        N/A       1%          3
d - Dazzling Flash        Conj/Hex       44%        N/A       6%          3

Your spell library contained the following spells:

 Spells                   Type           Power      Damage    Failure   Level
 Gell's Gravitas          Tloc           18%        N/A       9%          3
 Teleport Other           Tloc           18%        N/A       9%          3
 Beastly Appendage        Tmut           10%        N/A       11%         1
 Wereblood                Tmut           5%         N/A       16%         2
 Ignite Poison            Fire/Tmut/Pois 5%         N/A       30%         3
 Mephitic Cloud           Conj/Pois/Air  5%         N/A       30%         3
 Spider Form              Tmut/Pois      5%         N/A       30%         3
 Freezing Cloud           Conj/Ice/Air   2%         6-21      96%         5
 Dispersal                Tloc           9%         N/A       99%         6


Dungeon Overview and Level Annotations

Branches:
Dungeon (8/15)             Temple (1/1) D:4         Ossuary (visited)
   Lair: D:8-11

Altars:
Cheibriados
Dithmenos
Elyvilon
Fedhas
Gozag
Hepliaklqana
Kikubaaqudgha
Makhleb
Nemelex Xobeh
Okawaru
Qazlal
Ru
Sif Muna
Trog
Uskayaw
Vehumet
Xom
Yredelemnul
Zin
The Shining One
Beogh

Shops:
D:4 *   D:7 (


Innate Abilities, Weirdness & Mutations

You are small and have problems with some larger weapons.
You are completely attuned to the shadows.


Message History

You hit the yak.
The yak is heavily wounded.
The yak closely misses you.
You hit the yak but do no damage.
The yak is heavily wounded.
The yak closely misses you.
You hit the yak but do no damage.
The yak is heavily wounded.
You barely miss the yak.
The yak is heavily wounded.
The yak barely misses you.
You hit the yak but do no damage.
The yak is heavily wounded.
The yak gores you.
Aiming: Ensorcelled Hibernation (safe; 3% risk of failure)
Press: ? - help, Q - select action, (/) - cycle Shift-Dir - straight line, f/p - yak
Aim: a yak (heavily wounded, chance to affect: 54%)
The yak resists with significant effort.
The yak misses you.
You hit the yak.
You feel better.
The yak is heavily wounded.
You hit the yak but do no damage.
The yak is heavily wounded.
The yak gores you!
You hit the yak but do no damage.
The yak is heavily wounded.
You hit the yak but do no damage.
The yak is heavily wounded.
The yak gores you!
* * * LOW HITPOINT WARNING * * *
You hit the yak.
You feel better.
The yak is heavily wounded.
The yak gores you!
* * * LOW HITPOINT WARNING * * *
You hit the yak.
You feel better.
The yak is heavily wounded.
You barely miss the yak.
The yak is heavily wounded.
The yak gores you!
You die...

########
#......############
#..............@YY#
##.......#......##Y#
#........#.####.# .#
#.......#....##.# .#
#..........#.##.# Y#
#........###.#
#........# #.#
.........###.####
.....[...........


You could see 3 yaks.

Vanquished Creatures
  A wyvern (D:7)
  2 yaks (D:8)
  A dancing weapon (D:6)
  2 water moccasins
  4 orc warriors
  An ice beast (D:6)
  2 sky beasts
  An ogre (D:5)
  2 phantoms
  A centaur (D:7)
  2 elf zombies (Ossuary)
  A kobold brigand (D:7)
  3 scorpions
  2 necrophages (D:4)
  3 bullfrogs
  5 wights (D:6)
  2 howler monkeys (D:5)
  2 centaur zombies (Ossuary)
  4 hounds
  A human zombie (Ossuary)
  2 gnoll shamans
  7 orc priests
  2 iguanas (D:4)
  11 orc wizards
  Terence (D:3)
  2 mummies (Ossuary)
  8 gnolls
  4 adders
  A shadow imp (D:8)
  5 adder zombies (Ossuary)
  2 dart slugs
  30 orcs
  9 ball pythons
  6 bats
  7 endoplasms
  2 giant cockroaches
  10 goblins
  6 hobgoblins
  6 jackals (D:4)
  17 kobolds
  4 quokkas
  6 frilled lizards
  A goblin zombie (Ossuary)
  8 hobgoblin zombies (Ossuary)
  8 kobold zombies (Ossuary)
  8 orc zombies (Ossuary)
  3 rats
  4 rat zombies
222 creatures vanquished.

Vanquished Creatures (others)
  2 dancing weapons (D:6)
  41 plants (D:3)
43 creatures vanquished.

Grand Total: 265 creatures vanquished

Notes
Turn   | Place    | Note
-------+----------+-------------------------------------------
     0 | D:1      | happo123 the Kobold Enchanter began the quest for the Orb.
     0 | D:1      | Reached XP level 1. HP: 10/10 MP: 3/3
    35 | D:1      | Reached XP level 2. HP: 16/16 MP: 5/5
    38 | D:1      | Learned a level 2 spell: Ensorcelled Hibernation
   415 | D:1      | Found a faded altar of an unknown god.
   812 | D:1      | Reached XP level 3. HP: 20/20 MP: 1/6
   816 | D:1      | Learned a level 3 spell: Confusing Touch
  1771 | D:2      | Reached XP level 4. HP: 24/24 MP: 7/7
  1899 | D:2      | Noticed a scorpion
  1922 | D:2      | Killed a scorpion
  1923 | D:2      | Reached skill level 1 in Fighting
  1923 | D:2      | Reached XP level 5. HP: 29/29 MP: 3/9
  1927 | D:2      | Learned a level 3 spell: Tukima's Dance
  2407 | D:3      | You fall into a shaft and drop 1 floor!
  2409 | D:4      | Found Beit Voth's Gadget Gallery.
  2454 | D:4      | Reached XP level 6. HP: 34/34 MP: 2/10
  2575 | D:4      | Reached skill level 5 in Stealth
  2758 | D:4      | Found a staircase to the Ecumenical Temple.
  3162 | Temple   | Entered the Ecumenical Temple
  3766 | D:2      | HP: 1/35 [orc/+0 falchion (6)]
  4299 | D:3      | Noticed Terence
  4303 | D:3      | Killed Terence
  4304 | D:3      | Reached XP level 7. HP: 40/40 MP: 11/11
  5407 | D:4      | Reached skill level 5 in Hexes
  6028 | D:5      | Entered Level 5 of the Dungeon
  6285 | D:5      | Reached XP level 8. HP: 45/45 MP: 13/13
  6626 | D:5      | Found a sand-covered staircase.
  6632 | Ossuary  | Entered an ossuary
  7260 | Ossuary  | Reached skill level 5 in Short Blades
  7260 | Ossuary  | Reached skill level 5 in Dodging
  7847 | D:6      | Reached XP level 9. HP: 52/52 MP: 10/15
  7851 | D:6      | Learned a level 3 spell: Dazzling Flash
  8096 | D:6      | Reached skill level 1 in Translocations
  8880 | D:6      | Found a shimmering blue altar of Sif Muna.
  9141 | D:6      | Found an opulent altar of Gozag.
  9194 | D:6      | Found a glowing golden altar of the Shining One.
  9548 | D:7      | Found Nuboam's Antique Weapon Emporium.
  9705 | D:7      | Reached skill level 5 in Spellcasting
  9906 | D:6      | Reached XP level 10. HP: 35/58 MP: 4/17
  9923 | D:6      | Reached skill level 5 in Fighting
 10666 | D:8      | Identified the +1 kite shield of Blue Skies {rPois Str+2
                  | Int-3 Dex+2}
 10767 | D:8      | Found an iron altar of Okawaru.
 10972 | D:8      | Slain by a yak

Illustrated notes

Levels and vault maps discovered:
D:1:      zaba_arrival_water, layout_basic, hellmonk_ecumenical_altar_zigzags
D:2:      layout_basic
D:3:      layout_loops_cross, st_stairs_12, minmay_statues_item,
          serial_bayou_lagoon_a, corexii_shack, kennysheep_orc_chapel,
          uniq_terence
D:4:      layout_cave_pods, minmay_temple_entry_statues, nicolae_shop_gadgets
D:5:      layout_basic, enter_ossuary_4
D:6:      layout_loops_ring, nicolae_tso_swordbearing_angel,
          kennysheep_orc_sif_temple, grunt_gozag_breadcrumbs,
          minmay_misc_feat_plants, kennysheep_nondescript
D:7:      layout_layer_cave, serial_shops,
          nicolae_shop_temple_entry_statues_fountains, chequers_arboretum
D:8:      layout_basic, old_standard_altar
Temple:   nicolae_temple_elliptical

Skill      XL: |  1  2  3  4  5  6  7  8  9 10 |
---------------+-------------------------------+-----
Short Blades   | 2 3 4 5 6 7 |  7.1
Fighting       | 1 2 3 4 5 |  5.4
Dodging        | 3 4 5 6 |  6.7
Hexes          | 4 5 6 7 8 |  8.1
Stealth        | 5 6 7 8 |  8.5
Spellcasting   | 3 4 5 |  5.5
Translocations | 2 3 |  3.0

Action                   |  1- 3 |  4- 6 |  7- 9 | 10-12 || total
-------------------------+-------+-------+-------+-------++-------
Melee: Dagger            |    78 |   142 |   622 |    81 ||   923
       Punch             |       |     1 |     9 |     2 ||    12
 Cast: Ensorcelled Hiber |     7 |    18 |    57 |    28 ||   110
       Confusing Touch   |       |     4 |    38 |     2 ||    44
       Tukima's Dance    |       |       |     5 |       ||     5
       Dazzling Flash    |       |       |     2 |       ||     2
  Use: Potion            |       |       |     2 |       ||     2
 Stab: Sleeping          |    20 |    30 |    59 |    17 ||   126
       Confused          |       |     2 |    26 |     1 ||    29
       Invisible         |       |       |     9 |       ||     9
       Distracted        |       |       |     1 |       ||     1
Armor: Robe              |    17 |    23 |   121 |    12 ||   173
Dodge: Dodged            |    37 |   107 |   346 |    47 ||   537

Table legend: (Time is in decaauts)
 A = Elapsed time spent in this place.
 B = Non-inter-level travel time spent in this place.
 C = Inter-level travel time spent in this place.
 D = Time resting spent in this place.
 E = Time spent auto-exploring this place.
 F = Levels seen in this place.
 G = Mean time per level.
                   A        B        C        D        E       F      G
               +--------+--------+--------+--------+--------+-----+--------+
         Total |  10823 |   9449 |   1374 |   1217 |   6087 |  10 | 1082.3 |
       Dungeon |   9889 |   8541 |   1348 |   1028 |   5875 |   8 | 1236.1 |
        Temple |    247 |    221 |     26 |      0 |    205 |   1 |  247.0 |
       Ossuary |    686 |    686 |      0 |    189 |      7 |   1 |  686.0 |
               +--------+--------+--------+--------+--------+-----+--------+

Top non-repeatable levels by time:
     D:6: 1689 daAuts
     D:2: 1568 daAuts
     D:1: 1485 daAuts
     D:4: 1468 daAuts
     D:3: 1265 daAuts
     D:5: 1119 daAuts
     D:7: 967 daAuts
 Ossuary: 686 daAuts
     D:8: 323 daAuts
  Temple: 247 daAuts
